 Dungeon Crawl Stone Soup version 0.28.0-1-gb440e238dd (webtiles) character file.

Game seed: 16425558962454940178

10 spaghetti the Sneak (level 2, -1/24 HPs)
             Began as a Mummy Delver on Feb 19, 2022.
             Slain by a scorpion (8 damage)
             ... on level 5 of the Dungeon.
             The game lasted 00:00:51 (393 turns).

spaghetti the Sneak (Mummy Delver)                   Turns: 393, Time: 00:00:52

Health: -1/24      AC:  3    Str: 15    XL:     2   Next: 10%
Magic:  2/2        EV: 11    Int:  9    God:
Gold:   7          SH:  0    Dex: 13    Spells: 1/1 levels left

rFire   x . .      SeeInvis .   a - +0 mace
rCold   + . .      Faith    .   (no shield)
rNeg    + + +      Spirit   .   b - +0 leather armour
rPois   ∞          Reflect  .   (no helmet)
rElec   .          Harm     .   (no cloak)
rCorr   .          Rampage  .   (no gloves)
Will    .....                   (no boots)
Stlth   ++........              (no amulet)
HPRegen 0.08/turn               (no ring)
MPRegen 0.08/turn               (no ring)

@: no status effects
A: cold resistance 1, negative energy resistance 3, torment resistance 2, heat
vulnerability 1, no potions
a: no special abilities


You were on level 5 of the Dungeon.
You visited 1 branch of the dungeon, and saw 3 of its levels.

You collected 7 gold pieces.

Inventory:

Hand Weapons
 a - a +0 mace (weapon)
Armour
 b - a +0 leather armour (worn)
 h - a +0 plate armour
Jewellery
 g - an amulet of the acrobat
Wands
 f - a wand of digging (3)
Scrolls
 c - a scroll of fog


   Skills:
 - Level 3.0 Fighting
 + Level 2.2 Maces & Flails
 - Level 1.5 Dodging
 - Level 4.1 Stealth


You had one spell level left.
You didn't know any spells.
Your spell library was empty.

Dungeon Overview and Level Annotations

Branches:
Dungeon (6/15)
 Temple: D:4-7

Altars:

Annotations:
D:5 Pikel


Innate Abilities, Weirdness & Mutations

You are immune to poison.
Your flesh is cold resistant. (rC+)
You are immune to negative energy. (rN+++)
You are immune to unholy pain and torment.
You are vulnerable to heat. (rF-)
You do not drink.


Message History

Found 11 stones.
Found a stone staircase leading down.
Unknown command.
Unknown command.
As you read the scroll of fear, it crumbles to dust.
You assume a fearsome visage.
Pikel looks frightened!
The lemure looks frightened! x4
The water moccasin skeleton is unaffected.
The ogre looks frightened!
Unknown command.
The ogre wails, "Oh dear!
Oh dear!"
Found an orange potion.
There is a stone staircase leading down here.
The water moccasin skeleton bites you.
You climb downwards.
Found a shiny iron wand.
Found a stone staircase leading up and a stone staircase leading down.
There is a stone staircase leading up here.
Unknown command.
Unknown command.
A two-headed ogre is nearby!
There is a stone staircase leading up here.
You climb upwards.
Level annotation: Pikel
There is a stone staircase leading down here.
Unknown command.
Unknown command.
A scorpion is nearby!
A scorpion is nearby!
You barely miss the scorpion. The scorpion stings you!
You hit the scorpion.
The scorpion is lightly wounded.
The scorpion closely misses you. The scorpion stings you.
* * * LOW HITPOINT WARNING * * *
You can't drink.
Okay, then.
Okay, then.
You hit the scorpion.
The scorpion is moderately wounded.
The scorpion stings you!
You die...

**,,,......##.....
***,.............
**......[......
*.......####..
##....#*** ###
##>.#*** # *
##..## # ** ##..##
,*** *#@.## ,,,**
****#s.## **,,***
***,,...##
**,,,***,,....#*
**,,,,,......*
**,,,,.....#*
**,,,...##*
****###*


You could see a scorpion.

Vanquished Creatures
  An adder (D:6)
  2 kobolds (D:4)
3 creatures vanquished.

Notes
Turn   | Place    | Note
-------+----------+-------------------------------------------
     0 | D:5      | spaghetti the Mummy Delver began the quest for the Orb.
     0 | D:5      | Reached XP level 1. HP: 18/18 MP: 1/1
   106 | D:5      | Noticed a black bear
   184 | D:6      | Reached XP level 2. HP: 13/24 MP: 2/2
   374 | D:5      | Noticed Pikel
   374 | D:5      | Noticed a lemure
   374 | D:5      | Noticed a lemure
   374 | D:5      | Noticed a lemure
   374 | D:5      | Noticed a lemure
   374 | D:5      | Noticed an ogre
   383 | D:6      | Noticed a two-headed ogre
   387 | D:5      | Noticed a scorpion
   393 | D:5      | Slain by a scorpion

Illustrated notes

Levels and vault maps discovered:
D:4:      due_chaos_kobolds, layout_cave_pools, minmay_quadrilaterals
D:5:      layout_layer_cave, uniq_pikel
D:6:      layout_gridville

Skill      XL: |  1 |
---------------+----+-----
Maces & Flails | 2 |  2.2
Fighting       | |  3.0
Dodging        | |  1.5
Stealth        | |  4.1

Action                   || total
-------------------------++-------
Melee: Mace              ||    15
  Use: Scroll            ||     2
Armor: Leather armour    ||     4
Dodge: Dodged            ||    15
